 Dungeon Crawl Stone Soup version 0.29.0-11-gd7f09526c8 (webtiles) character file.

Game seed: 1301976389169865699

831 LustLizard the Firebug (level 7, -3/57 HPs)
             Began as a Hill Orc Fire Elementalist on Sept 3, 2022.
             Was a Follower of Beogh.
             Shot with a sling bullet by a goblin (5 damage)
             ... on level 5 of the Dungeon.
             The game lasted 00:11:14 (5384 turns).

LustLizard the Firebug (Hill Orc Fire Elementalist) Turns: 5384, Time: 00:11:14

Health: -3/57      AC:  2    Str: 11    XL:     7   Next: 98%
Magic:  6/10       EV: 12    Int: 17    God:    Beogh [*.....]
Gold:   194        SH:  0    Dex: 11    Spells: 2/11 levels left

rFire   . . .      SeeInvis +   v - +7 rapier of Midwinter {drain, rC++}
rCold   + + .      Faith    .   (no shield)
rNeg    . . .      Spirit   .   a - +0 robe
rPois   .          Reflect  .   (no helmet)
rElec   .          Harm     .   (no cloak)
rCorr   .          Rampage  .   (no gloves)
Will    .....                   (no boots)
Stlth   ++........              (no amulet)
HPRegen 0.19/turn               u - ring of see invisible
MPRegen 0.12/turn               (no ring)

@: no status effects
A: no striking features
a: Renounce Religion


You were on level 5 of the Dungeon.
You worshipped Beogh.
Beogh was aware of your devotion.
You visited 1 branch of the dungeon, and saw 5 of its levels.

You collected 194 gold pieces.

Inventory:

Hand Weapons
 c - a +2 quarterstaff of draining
 j - a +1 dagger of holy wrath
 q - a +0 hand axe of venom
 v - the +7 rapier of Midwinter (weapon) {drain, rC++}
   (You found it on level 5 of the Dungeon)

   A truly terrible weapon, it drains the life of any living foe it strikes.
   rC:        It greatly protects you from cold.
Armour
 a - a +0 robe (worn)
 o - a +0 leather armour
Jewellery
 u - a ring of see invisible (left hand)
Wands
 l - a wand of flame (18)
Scrolls
 f - 2 scrolls of immolation {unknown}
 g - 2 scrolls of teleportation {unknown}
 i - a scroll of silence {unknown}
 k - a scroll of amnesia {unknown}
 t - a scroll of poison {unknown}
Potions
 b - 2 potions of magic
 d - 2 potions of cancellation
 e - 4 potions of resistance
 h - a potion of curing
 m - a potion of lignification
 n - 2 potions of mutation
 p - a potion of attraction
 r - a potion of might {unknown}
 s - a potion of brilliance {unknown}
 w - a potion of flight {unknown}


   Skills:
 + Level 3.0 Fighting
 * Level 3.6 Axes
 - Level 1.6 Dodging
 + Level 2.9 Stealth
 + Level 2.5 Spellcasting
 * Level 3.7 Conjurations
 - Level 5.0 Fire Magic
 * Level 1.0 Air Magic
 * Level 3.2 Evocations


You had 2 spell levels left.
You knew the following spells:

 Your Spells              Type           Power      Damage    Failure   Level
a - Foxfire               Conj/Fire      68%        2x1d7     3%          1
b - Lightning Bolt        Conj/Air       5%         1d17      88%         5
c - Conjure Flame         Conj/Fire      17%        6-21      9%          3

Your spell library contained the following spells:

 Spells                   Type           Power      Damage    Failure   Level
 Scorch                   Fire           38%        2d6       3%          2
 Static Discharge         Conj/Air       10%        3-5/arc   11%         2
 Inner Flame              Hex/Fire       10%        N/A       19%         3
 Flame Wave               Conj/Fire      17%        2d7       30%         4
 Anguish                  Hex/Necr       1%         N/A       88%         4
 Enfeeble                 Hex            1%         N/A       100%        7
 Maxwell's Capacitive Co  Air            2%         ∞         100%        8


Dungeon Overview and Level Annotations

Branches:
Dungeon (5/15)
 Temple: D:4-7

Altars:
Qazlal

Annotations:
D:3 Pargi


Message History

You kill the goblin!
Beogh accepts your kill.
Casting: Foxfire (safe; 3% risk of failure)
Confirm with . or Enter, or press ? or * to list all spells.
You conjure some foxfire!
The goblin hits you with a +0 dagger.
Casting: Foxfire (safe; 3% risk of failure)
Confirm with . or Enter, or press ? or * to list all spells.
You conjure some foxfire!
The foxfire hits the goblin.
The goblin is heavily wounded.
The foxfire hits the goblin.
You kill the goblin!
Beogh accepts your kill.
Casting: Foxfire (safe; 3% risk of failure)
Confirm with . or Enter, or press ? or * to list all spells.
You conjure some foxfire!
The ogre hits you with a +0 giant club!!
You puncture the ogre!
The ogre is moderately wounded.
The foxfire hits the ogre.
The ogre is heavily wounded.
The foxfire hits the ogre.
The ogre is heavily wounded.
The foxfire hits the ogre but does no damage.
The ogre is heavily wounded.
The foxfire hits the ogre.
The ogre is severely wounded.
The ogre hits you with a +0 giant club!!
* * * LOW HITPOINT WARNING * * *
Casting: Foxfire (safe; 3% risk of failure)
Confirm with . or Enter, or press ? or * to list all spells.
You conjure some foxfire!
You puncture the ogre!
The ogre is almost dead.
The foxfire hits the ogre.
You kill the ogre!
Beogh accepts your kill.
The foxfire hits the goblin.
The goblin is severely wounded.
The goblin shoots a sling bullet.
The sling bullet hits you.
You die...

#....# #....########
###....##.....##
##......#.......##
#####..#.###.........#
....#.##.# #.........#
#...##.# #.........#
###..###.# #....§#####
#....# #.# #...§@#
..#.## #.# #...§§§.g.#
###.# #.# #.....#(..#
#.# #.###.....#####
#.# #.#..<........#
###.# #.#...........#
....####.#..#.......#
##.....#.#..##.....##
##.)......#########


You could see a goblin.

Vanquished Creatures
  A wyvern (D:5)
  A water moccasin (D:5)
  3 ogres (D:5)
  2 necrophages
  A jelly (D:4)
  Jessica (D:3)
  Natasha (twice) (D:3)
  An iguana (D:5)
  5 adders
  4 gnolls (D:3)
  2 worms (D:2)
  3 dart slugs
  6 orcs
  5 ball pythons
  12 endoplasms
  4 giant cockroaches
  11 goblins
  5 hobgoblins
  4 jackals (D:1)
  3 kobolds
  3 quokkas
  7 bats
  3 frilled lizards
  8 rats
97 creatures vanquished.

Vanquished Creatures (others)
  A kobold (D:4)
  296 foxfires
297 creatures vanquished.

Grand Total: 394 creatures vanquished

Notes
Turn   | Place    | Note
-------+----------+-------------------------------------------
     0 | D:1      | LustLizard the Hill Orc Fire Elementalist began the quest
                  | for the Orb.
     0 | D:1      | Reached XP level 1. HP: 14/14 MP: 3/3
     2 | D:1      | Found a runed translucent door.
   508 | D:1      | Reached XP level 2. HP: 20/20 MP: 0/4
  1301 | D:2      | Reached XP level 3. HP: 27/27 MP: 0/5
  1731 | D:2      | You fall into a shaft and drop 1 floor!
  1760 | D:3      | Noticed Pargi
  1803 | D:2      | Reached skill level 1 in Fighting
  2053 | D:2      | Found a faded altar of an unknown god.
  2172 | D:3      | Reached XP level 4. HP: 35/35 MP: 3/6
  2232 | D:3      | Reached skill level 4 in Fire Magic
  2308 | D:3      | Reached skill level 1 in Evocations
  2374 | D:3      | Noticed Jessica
  2602 | D:3      | Killed Jessica
  2603 | D:3      | Reached XP level 5. HP: 35/41 MP: 1/8
  3127 | D:3      | Noticed Natasha
  3132 | D:3      | Killed Natasha
  3314 | D:3      | Noticed Natasha
  3324 | D:3      | Killed Natasha
  3667 | D:1      | Reached skill level 1 in Axes
  3682 | D:1      | Reached XP level 6. HP: 35/48 MP: 3/9
  4046 | D:4      | Became a worshipper of Beogh the Brigand
  4580 | D:4      | Found a stormy altar of Qazlal.
  4723 | D:5      | Entered Level 5 of the Dungeon
  4723 | D:5      | Noticed a water moccasin
  4835 | D:5      | Identified the +7 rapier of Midwinter {drain, rC++}
  4874 | D:5      | Noticed a wyvern
  4883 | D:5      | Killed a wyvern
  4884 | D:5      | Reached XP level 7. HP: 14/56 MP: 4/10
  5125 | D:5      | Reached skill level 5 in Fire Magic
  5135 | D:5      | Learned a level 5 spell: Lightning Bolt
  5139 | D:5      | Learned a level 3 spell: Conjure Flame
  5220 | D:5      | Reached skill level 1 in Air Magic
  5382 | D:5      | HP: 2/57 [ogre/+0 giant club (26)]
  5384 | D:5      | Reached * piety under Beogh
  5384 | D:5      | Shot with a sling bullet by a goblin

Illustrated notes

Levels and vault maps discovered:
D:1:      dpeg_arrival_caged_fury, layout_loops_ring, grunt_decor_arrowhead
D:2:      layout_rooms, shapermc_ecumenical_altar_mp_highgroup,
          minmay_misc_feat_square
D:3:      layout_basic, uniq_natasha, uniq_pargi, uniq_jessica
D:4:      layout_rooms, mainiacjoe_overflow_paths
D:5:      layout_rooms, minmay_temple_entry_wispy, minmay_ogre_servants

Skill      XL: |  1  2  3  4  5  6  7 |
---------------+----------------------+-----
Fighting       | 1 2 3 |  3.0
Stealth        | 2 |  2.9
Conjurations   | 2 3 |  3.7
Fire Magic     | 4 5 |  5.0
Evocations     | 1 2 3 |  3.2
Spellcasting   | 2 |  2.5
Axes           | 1 2 3 |  3.6
Air Magic      | 1 |  1.0
Dodging        | |  1.6

Action                   |  1- 3 |  4- 6 |  7- 9 || total
-------------------------+-------+-------+-------++-------
Melee: Quarterstaff      |    23 |       |       ||    23
       Dagger            |    12 |    10 |       ||    22
       Punch             |       |     2 |       ||     2
       Hand axe          |       |    41 |       ||    41
       Rapier            |       |     3 |    12 ||    15
 Cast: Foxfire           |    47 |    97 |    21 ||   165
Invok: Convert to Beogh  |       |     1 |       ||     1
  Use: Scroll            |       |     4 |     1 ||     5
 Stab: Sleeping          |     1 |       |       ||     1
Armor: Robe              |     7 |    11 |     1 ||    19
Dodge: Dodged            |    21 |    48 |     5 ||    74
